[Event "Titled Tuesday Blitz June 13 Early 2023"]
[White "Parpiev, Isaak"]
[Black "Yonal, Timur"]
[WhiteFideId "34281576"]
[BlackFideId "44115725"]
[WhiteElo "2167"]
[BlackElo "1966"]
[Result "1-0"]
[Round "2"]
[TimeControl "180+2"]
[Date "2023.06.13"]
[WhiteClock "0:01:06"]
[BlackClock "0:00:00"]
[Board "160"]

1. e4 c5 2. c3 Nf6 3. e5 Nd5 4. Nf3 d6 5. Bc4 Nb6 6. e6 fxe6 7. Bb3 c4 8. Bc2 Nc6 9. O-O e5 10. b3 Be6 11. bxc4 Nxc4 12. d4 Qa5 13. Ng5 Bd5 14. Qh5+ g6 15. Bxg6+ hxg6 16. Qxh8 O-O-O 17. Qh3+ Kb8 18. Ne6 Rc8 19. Be3 e4 20. Nxf8 Rxf8 21. Nd2 Nxd2 22. Bxd2 Qa4 23. Qg3 Rg8 24. Bg5 e5 25. dxe5 Nxe5 26. Bf4 Nd3 27. Bxd6+ Ka8 28. Qg5 Qc6 29. Bg3 b6 30. a4 Rf8 31. a5 b5 32. a6 Nc5 33. Rfd1 Bc4 34. Rd8+ 1-0


[Site "https://www.chess.com"]

[Event "Titled Tuesday Blitz June 13 Early 2023"]
[White "Mejia, Cherry Ann"]
[Black "Peycheva, Gergana"]
[WhiteFideId "5206880"]
[BlackFideId "2916711"]
[WhiteElo "2007"]
[BlackElo "2216"]
[Result "1-0"]
[Round "2"]
[TimeControl "180+2"]
[Date "2023.06.13"]
[WhiteClock "0:01:46"]
[BlackClock "0:00:00"]
[Board "161"]

1. e4 c5 2. Nc3 Nc6 3. g3 g6 4. Bg2 Bg7 5. d3 Nf6 6. h3 d6 7. Be3 Rb8 8. Qd2 h6 9. Nge2 b5 10. O-O b4 11. Nd1 Bb7 12. f4 Nd7 13. g4 Nd4 14. Ng3 Qc7 15. c3 bxc3 16. bxc3 Nc6 17. Nb2 O-O 18. f5 g5 19. Nh5 Bf6 20. h4 Nce5 21. hxg5 hxg5 22. Bxg5 Bh8 23. Bxe7 Rfe8 24. Qg5+ Kh7 25. f6 Ng6 26. Nc4 Nde5 27. Nxe5 dxe5 28. Rf3 Rxe7 29. fxe7 1-0


[Site "https://www.chess.com"]

[Event "Titled Tuesday Blitz June 13 Early 2023"]
[White "Hoffmann, Asa"]
[Black "Garakov, Mikhael"]
[WhiteFideId "2001470"]
[BlackFideId "4169034"]
[WhiteElo "2117"]
[BlackElo "2347"]
[Result "0-1"]
[Round "2"]
[TimeControl "180+2"]
[Date "2023.06.13"]
[WhiteClock "0:01:26"]
[BlackClock "0:00:34"]
[Board "162"]

1. d4 c5 2. dxc5 Na6 3. Nc3 Nxc5 4. e4 b6 5. Be3 Bb7 6. f3 d6 7. Bc4 Nf6 8. Nge2 e6 9. Qd2 a6 10. O-O-O Be7 11. g4 b5 12. Bb3 Nfd7 13. g5 Ne5 14. f4 Nf3 15. Bxc5 Nxd2 16. Rxd2 dxc5 17. Rxd8+ Rxd8 18. a3 c4 19. Ba2 h6 20. g6 fxg6 21. Rg1 g5 22. f5 exf5 23. exf5 O-O 24. Ng3 Bd6 25. Nce4 Bxe4 26. Nxe4 Bxh2 27. Rf1 Bf4+ 28. Kb1 Rxf5 29. b3 Rd4 30. Ng3 Rfd5 31. Ne2 Rd1+ 32. Rxd1 Rxd1+ 33. Kb2 Be5+ 34. Nc3 a5 35. bxc4 b4 36. axb4 axb4 0-1


[Site "https://www.chess.com"]

[Event "Titled Tuesday Blitz June 13 Early 2023"]
[White "Stalri"]
[Black "Toncheva, Nadya"]
[BlackFideId "2924056"]
[WhiteElo "2365"]
[BlackElo "2101"]
[Result "1-0"]
[Round "2"]
[TimeControl "180+2"]
[Date "2023.06.13"]
[WhiteClock "0:00:02"]
[BlackClock "0:00:01"]
[Board "163"]

1. d4 d5 2. c4 dxc4 3. Nf3 Nf6 4. e3 Bg4 5. Bxc4 e6 6. Nc3 a6 7. O-O Nc6 8. e4 Bxf3 9. Qxf3 Nxd4 10. Qg3 b5 11. Bd3 Be7 12. Rd1 O-O 13. e5 Ne8 14. Qh3 g6 15. Ne4 c5 16. Bh6 Ng7 17. Rac1 Rc8 18. Bf1 Re8 19. b4 Ngf5 20. bxc5 Qd5 21. Nd6 Bxd6 22. exd6 Rxc5 23. Rxc5 Qxc5 24. Be3 Qxd6 25. Qg4 e5 26. Qe4 Qe6 27. g4 Nxe3 28. fxe3 Nc6 29. Bg2 Ne7 30. h3 Rc8 31. Qb7 Kg7 32. Rd7 Rc1+ 33. Kh2 Ng8 34. Bd5 Rc2+ 35. Kg3 Nf6 36. Bxe6 Ne4+ 37. Kf3 Ng5+ 38. Kg3 Ne4+ 39. Qxe4 1-0


[Site "https://www.chess.com"]

[Event "Titled Tuesday Blitz June 13 Early 2023"]
[White "Musovic, Armin"]
[Black "sebastianmarinp"]
[WhiteFideId "939935"]
[WhiteElo "2322"]
[BlackElo "2362"]
[Result "0-1"]
[Round "2"]
[TimeControl "180+2"]
[Date "2023.06.13"]
[WhiteClock "0:00:30"]
[BlackClock "0:00:02"]
[Board "164"]

1. a3 d5 2. d4 Bf5 3. Nf3 e6 4. c4 Nf6 5. Nc3 c6 6. g3 Nbd7 7. Bg2 Be7 8. O-O O-O 9. Nh4 Bg6 10. Nxg6 hxg6 11. e4 dxc4 12. g4 Rc8 13. g5 Nh5 14. h4 e5 15. d5 Nc5 16. Bh3 Nd3 17. Bg4 Nhf4 18. Qf3 Bxg5 19. Bxc8 Bxh4 20. Qg4 f5 21. exf5 Qxc8 22. Bxf4 Nxf4 23. Qxh4 Rxf5 24. Ne4 Rh5 25. Qg3 Ne2+ 26. Kg2 Nxg3 27. Nxg3 Qh3+ 28. Kf3 Rf5+ 29. Ke3 cxd5 30. Rh1 Qg2 31. Nxf5 gxf5 32. Rag1 Qe4+ 33. Kd2 Qd3+ 34. Ke1 c3 35. bxc3 Qxc3+ 36. Kf1 Qc1+ 37. Kg2 Qg5+ 38. Kf1 Qc1+ 39. Kg2 Qxa3 40. Rc1 e4 41. Rc8+ Kf7 42. Rc7+ Kf6 43. Rh3 Qb2 44. Rg3 g5 45. Rc8 g4 46. Rf8+ Ke5 47. Re8+ Kf4 48. Re7 d4 49. Kg1 a5 50. Re8 a4 51. Ra8 a3 52. Rgxa3 b5 53. Ra1 d3 54. R8a2 Qc3 55. Ra3 b4 56. Rxc3 bxc3 57. Kf1 Kf3 58. Ra3 c2 59. Rc3 f4 60. Ke1 g3 61. fxg3 fxg3 62. Kd2 g2 63. Rc8 g1=Q 64. Rf8+ Kg2 65. Kc3 Qf2 66. Rg8+ Kf1 67. Kc4 c1=Q+ 68. Kd5 Qce3 69. Ra8 Qd4+ 70. Ke6 Qc5 71. Ra1+ Kg2 72. Kd7 Qf6 73. Ke8 Qfe7# 0-1


[Site "https://www.chess.com"]

[Event "Titled Tuesday Blitz June 13 Early 2023"]
[White "Dishman, Stephen"]
[Black "MKlose11"]
[WhiteFideId "403024"]
[WhiteElo "2204"]
[BlackElo "2528"]
[Result "0-1"]
[Round "2"]
[TimeControl "180+2"]
[Date "2023.06.13"]
[WhiteClock "0:00:00"]
[BlackClock "0:00:48"]
[Board "165"]

1. c4 Nf6 2. g3 c5 3. Bg2 d6 4. Nc3 Nc6 5. Nf3 g6 6. O-O Bg7 7. d4 cxd4 8. Nxd4 Bd7 9. b3 O-O 10. Bb2 Qa5 11. Nc2 Rfe8 12. Rb1 Rac8 13. e4 Qh5 14. Qxh5 Nxh5 15. Rfd1 Nf6 16. Nd5 Nxd5 17. exd5 Ne5 18. f4 Ng4 19. Bxg7 Kxg7 20. h3 Nf6 21. Nd4 a6 22. a4 Rc7 23. Kf2 Rb8 24. a5 b5 25. axb6 Rxb6 26. Ra1 Bc8 27. Ra3 Nd7 28. Nc6 Kf8 29. Re1 Nc5 30. Re3 Rcb7 31. b4 Rxb4 32. Nxb4 Rxb4 33. Rec3 h5 34. Ra2 Bf5 35. Kg1 Bd3 36. Bf1 Rb1 37. Rxd3 Nxd3 38. Rxa6 Nc5 39. Ra3 f6 40. Kg2 Kf7 41. Be2 Rb2 42. Re3 Rd2 43. Kf2 Rd4 44. Kg2 h4 45. gxh4 Rxf4 46. Kg3 Rd4 47. Bf1 Ne4+ 48. Kg2 Nd2 49. Be2 Nxc4 50. Rc3 Ne5 51. h5 gxh5 52. Bxh5+ Kg7 53. Rc7 Kh6 0-1


[Site "https://www.chess.com"]

[Event "Titled Tuesday Blitz June 13 Early 2023"]
[White "Orujov2008"]
[Black "Goldin, Roman"]
[BlackFideId "2803860"]
[WhiteElo "2528"]
[BlackElo "2312"]
[Result "1/2-1/2"]
[Round "2"]
[TimeControl "180+2"]
[Date "2023.06.13"]
[WhiteClock "0:00:06"]
[BlackClock "0:00:08"]
[Board "166"]

1. e4 e5 2. Nf3 Nc6 3. Bb5 a6 4. Ba4 Nf6 5. d4 b5 6. Bb3 exd4 7. Ng5 d5 8. exd5 Na5 9. Qxd4 Nxb3 10. axb3 Qxd5 11. Qxd5 Nxd5 12. O-O Be7 13. Nc3 Nxc3 14. bxc3 O-O 15. Be3 Bf6 16. Ne4 Be7 17. Bc5 Re8 18. Bxe7 Rxe7 19. Rfe1 Bf5 20. Nc5 Rxe1+ 21. Rxe1 Bxc2 22. Re7 a5 23. Re2 Rd8 24. f3 Bd1 25. Re7 a4 26. bxa4 bxa4 27. Rxc7 Ra8 28. Rd7 Bc2 29. Rd2 Bb3 30. Kf2 g5 31. h3 Ra5 32. Nxb3 axb3 33. Rd8+ Kg7 34. Rb8 Ra2+ 35. Kg3 Rb2 36. c4 h5 37. c5 Kg6 38. c6 h4+ 39. Kh2 Rc2 40. Rb6 Kf5 41. Rb5+ Kf6 42. Rxb3 Rxc6 43. Rb5 Kg6 44. Rb2 Rc1 45. Re2 Kf5 46. g3 hxg3+ 47. Kxg3 f6 48. Rb2 Rc4 49. Rb5+ Kg6 50. Kf2 Rc2+ 51. Kg3 Rc3 52. Rb8 Ra3 53. Rc8 Kf5 54. Rd8 Kg6 55. Rg8+ Kf5 56. Rb8 Kg6 57. Rb6 Rc3 58. Kg4 Rc4+ 59. Kg3 Rc3 60. Rd6 Rb3 61. Kg2 Rc3 62. Kf2 Rc2+ 63. Kg3 Rc3 64. Ra6 Rb3 65. Ra8 f5 66. Ra6+ Kh5 67. Ra2 f4+ 68. Kg2 Rc3 69. Rd2 Rb3 70. Re2 Kh4 71. Rd2 Rc3 72. Re2 Rb3 73. Rc2 Rd3 74. Ra2 Rc3 75. Rf2 Rd3 76. Re2 Re3 77. Rd2 Rc3 78. Rb2 Rd3 79. Ra2 Rc3 80. Re2 Re3 81. Rc2 Rd3 82. Re2 Re3 1/2-1/2


[Site "https://www.chess.com"]

[Event "Titled Tuesday Blitz June 13 Early 2023"]
[White "Fernandez Siles, Luis"]
[Black "Chernomordik, Pavel"]
[WhiteFideId "2209420"]
[BlackFideId "2804530"]
[WhiteElo "2195"]
[BlackElo "2193"]
[Result "1-0"]
[Round "2"]
[TimeControl "180+2"]
[Date "2023.06.13"]
[WhiteClock "0:00:12"]
[BlackClock "0:00:04"]
[Board "167"]

1. d4 g6 2. Nf3 Bg7 3. c4 d6 4. Nc3 Nc6 5. d5 Ne5 6. Nd2 c6 7. e4 Nf6 8. f4 Ned7 9. Nf3 Qc7 10. Be2 O-O 11. O-O Qb6+ 12. Kh1 Ng4 13. Qe1 Bxc3 14. bxc3 Ne3 15. Qh4 f6 16. Bxe3 Qxe3 17. Rae1 Qxc3 18. g4 Nc5 19. e5 Ne4 20. e6 Qe3 21. f5 Nc3 22. Bd1 Qf4 23. Bb3 b5 24. Qf2 bxc4 25. Bc2 Nxd5 26. fxg6 Kg7 27. gxh7 Nb4 28. Bb1 Nd3 29. Qg2 Nxe1 30. Rxe1 c3 31. Re4 Qc1+ 32. Re1 Qh6 33. g5 fxg5 34. Nxg5 Kh8 35. Nf7+ Rxf7 36. Qg8# 1-0


[Site "https://www.chess.com"]

[Event "Titled Tuesday Blitz June 13 Early 2023"]
[White "Brunner, Nicolas"]
[Black "Sovetbekova, Nurai"]
[WhiteFideId "620246"]
[BlackFideId "13801910"]
[WhiteElo "2319"]
[BlackElo "1857"]
[Result "1-0"]
[Round "2"]
[TimeControl "180+2"]
[Date "2023.06.13"]
[WhiteClock "0:01:06"]
[BlackClock "0:00:12"]
[Board "168"]

1. Nf3 d5 2. g3 Nd7 3. d4 Nb6 4. Bg2 Nf6 5. O-O Bf5 6. b3 e6 7. Bb2 Be7 8. Nbd2 O-O 9. c4 c5 10. dxc5 Bxc5 11. cxd5 exd5 12. Nd4 Bg4 13. h3 Bh5 14. N2f3 Rc8 15. Rc1 Re8 16. Nf5 Bg6 17. N3d4 Ne4 18. g4 h5 19. Nxg7 hxg4 20. hxg4 Qh4 21. Nxe8 Rxe8 22. e3 Bd6 23. f4 Ng3 24. Re1 Be4 25. Nf5 Nxf5 26. gxf5 Bxg2 27. Kxg2 Qh7 28. Qg4+ Kf8 29. Rh1 1-0


[Site "https://www.chess.com"]

[Event "Titled Tuesday Blitz June 13 Early 2023"]
[White "Bethke, Richard"]
[Black "ChawitAp"]
[WhiteFideId "12959243"]
[WhiteElo "2369"]
[BlackElo "2353"]
[Result "1-0"]
[Round "2"]
[TimeControl "180+2"]
[Date "2023.06.13"]
[WhiteClock "0:00:30"]
[BlackClock "0:00:06"]
[Board "169"]

1. e4 c6 2. Nf3 d5 3. Nc3 dxe4 4. Nxe4 Nf6 5. Qe2 Nxe4 6. Qxe4 Nd7 7. Bc4 Nf6 8. Ne5 e6 9. Qe2 Be7 10. O-O O-O 11. Rd1 Qc7 12. d4 Nd5 13. a4 Bd6 14. c3 b6 15. Bd3 Bb7 16. Qe4 Nf6 17. Qh4 Bxe5 18. dxe5 Qxe5 19. Bf4 Qh5 20. Qg3 Rfd8 21. Bg5 Ne4 22. Qc7 Rdc8 23. Qxb7 Nc5 24. Qe7 Re8 25. Qd6 Qxg5 26. Qxc6 Rac8 27. Qb5 Red8 28. Bc2 Rxd1+ 29. Rxd1 Rd8 30. b4 Rxd1+ 31. Bxd1 Qd8 32. Bf3 Nb3 33. h4 Nd2 34. Be2 h6 35. c4 Qxh4 36. Qe8+ Kh7 37. Qxf7 Qe7 38. Bd3+ Kh8 39. Qxe7 1-0


[Site "https://www.chess.com"]

[Event "Titled Tuesday Blitz June 13 Early 2023"]
[White "Devaev, Alexander"]
[Black "Francisco_Ferrari"]
[WhiteFideId "4169395"]
[WhiteElo "2172"]
[BlackElo "2350"]
[Result "1-0"]
[Round "2"]
[TimeControl "180+2"]
[Date "2023.06.13"]
[WhiteClock "0:00:59"]
[BlackClock "0:00:30"]
[Board "170"]

1. Nf3 Nf6 2. d4 e6 3. c4 d5 4. Nc3 Be7 5. Bg5 O-O 6. e3 h6 7. Bh4 b6 8. Bxf6 Bxf6 9. cxd5 exd5 10. Bd3 c6 11. O-O Re8 12. Rc1 Nd7 13. b4 a5 14. b5 Bb7 15. bxc6 Bxc6 16. Bb5 Bb7 17. Qb3 g6 18. Nxd5 a4 19. Nxf6+ Qxf6 20. Qd1 Red8 21. Rc7 Bxf3 22. Qxf3 Qxf3 23. gxf3 Nf6 24. Rfc1 Nd5 25. Rb7 Nb4 26. a3 Nd5 27. Rc6 Rac8 28. Bxa4 Nc3 29. Rxc8 Rxc8 30. Bb3 Ra8 31. Bxf7+ Kf8 32. Bxg6 Rxa3 33. Rxb6 Nd5 34. Rd6 Ne7 35. Be4 Kg7 36. Kg2 Ra5 37. f4 Ra2 38. f5 Ng8 39. Rg6+ Kf7 40. Bd5+ 1-0


[Site "https://www.chess.com"]

[Event "Titled Tuesday Blitz June 13 Early 2023"]
[White "Sowul, Bartosz"]
[Black "Shapiro, Daniel"]
[WhiteFideId "1137590"]
[BlackFideId "2001780"]
[WhiteElo "2188"]
[BlackElo "2343"]
[Result "1-0"]
[Round "2"]
[TimeControl "180+2"]
[Date "2023.06.13"]
[WhiteClock "0:00:28"]
[BlackClock "0:00:08"]
[Board "172"]

1. e4 c5 2. Nc3 a6 3. g3 b5 4. Bg2 Bb7 5. Nge2 e6 6. d4 cxd4 7. Nxd4 Qc7 8. O-O Nf6 9. Re1 d6 10. a4 b4 11. Nd5 exd5 12. exd5+ Kd8 13. Bg5 Nd7 14. c3 h6 15. Bxf6+ Nxf6 16. cxb4 Nxd5 17. Rc1 Qd7 18. b5 Nb4 19. Bxb7 Qxb7 20. Qe2 Be7 21. Nf5 Bg5 22. Nxd6 Qd7 23. Rcd1 axb5 24. Nxf7+ Kc8 25. Rxd7 Kxd7 26. Qe6+ Kc7 27. f4 Bf6 28. Rc1+ Kb7 29. Nd6+ Kb6 30. Nc4+ Kb7 31. Qd7+ 1-0


[Site "https://www.chess.com"]

[Event "Titled Tuesday Blitz June 13 Early 2023"]
[White "Mayaud, Raphael"]
[Black "brm72"]
[WhiteFideId "627151"]
[WhiteElo "2191"]
[BlackElo "2518"]
[Result "0-1"]
[Round "2"]
[TimeControl "180+2"]
[Date "2023.06.13"]
[WhiteClock "0:00:14"]
[BlackClock "0:01:20"]
[Board "173"]

1. d4 Nf6 2. Bg5 Ne4 3. Bf4 d5 4. e3 c5 5. Bd3 Nf6 6. dxc5 Qa5+ 7. Nd2 Qxc5 8. Ngf3 Nc6 9. O-O Bg4 10. Nb3 Qb6 11. Be2 e6 12. h3 Bh5 13. Nfd4 Bg6 14. a4 Be7 15. a5 Qd8 16. a6 Nxd4 17. exd4 bxa6 18. Bxa6 O-O 19. Bb7 Rb8 20. Bxb8 Qxb8 21. Ba6 Ne4 22. Bd3 Rc8 23. Ra2 Bf6 24. c3 Be7 25. Qc2 Qf4 26. Bxe4 Bxe4 27. Qd2 Qb8 28. Nc1 h6 29. Ne2 Bg5 30. f4 Bf6 31. Ng3 Bh7 32. Rfa1 Rc7 33. f5 Rb7 34. fxe6 Qxg3 35. exf7+ Rxf7 36. Rxa7 Rxa7 37. Rxa7 Be4 38. Ra1 Bg5 39. Qe2 Be3+ 40. Kf1 Bd3 41. Qxd3 Qf2# 0-1


[Site "https://www.chess.com"]

[Event "Titled Tuesday Blitz June 13 Early 2023"]
[White "Rutvij09"]
[Black "Bintang, Rasyid A. Hidayat"]
[BlackFideId "7105355"]
[WhiteElo "2513"]
[BlackElo "2340"]
[Result "1-0"]
[Round "2"]
[TimeControl "180+2"]
[Date "2023.06.13"]
[WhiteClock "0:01:36"]
[BlackClock "0:01:55"]
[Board "174"]

1. e4 d5 2. exd5 Nf6 3. d4 Nxd5 4. Nf3 Bg4 5. Be2 e6 6. O-O Be7 7. c4 Nb6 8. Nc3 Kf8 9. b3 Nc6 10. Be3 f5 11. Qd2 h6 12. h3 Bh5 13. Rad1 Bf6 14. d5 Bxf3 15. Bxf3 Ne5 16. Be2 exd5 17. cxd5 Kf7 18. Rfe1 Re8 19. Qc2 Qc8 20. Nb5 Re7 21. d6 cxd6 22. Nxd6+ 1-0


[Site "https://www.chess.com"]

[Event "Titled Tuesday Blitz June 13 Early 2023"]
[White "Georg, Heinz"]
[Black "Khater, Sherif"]
[WhiteFideId "4607295"]
[BlackFideId "2034280"]
[WhiteElo "2338"]
[BlackElo "2512"]
[Result "0-1"]
[Round "2"]
[TimeControl "180+2"]
[Date "2023.06.13"]
[WhiteClock "0:00:00"]
[BlackClock "0:01:33"]
[Board "175"]

1. e4 e5 2. Nf3 Nf6 3. Nc3 Bb4 4. Nxe5 O-O 5. Nd3 Bxc3 6. dxc3 Nxe4 7. Be2 Re8 8. O-O d5 9. Bf3 c6 10. Re1 Bf5 11. Be3 Nd7 12. a4 Bg6 13. a5 a6 14. Nf4 Ndf6 15. Bb6 Qd7 16. Nxg6 hxg6 17. g3 Nd6 18. Rxe8+ Rxe8 19. b3 Nfe4 20. Qd4 Nb5 21. Qd3 Nexc3 22. Kg2 Qf5 23. Qd2 g5 24. h3 f6 25. Bc5 Qe6 26. Bb4 d4 27. Qd3 Qe5 28. Rh1 Qe6 29. g4 Nd5 30. Bd2 Qe5 31. h4 Nf4+ 32. Bxf4 Qxf4 33. hxg5 Qxg5 34. Qh7+ Kf7 35. Rh5 Qg6 36. Qxg6+ Kxg6 37. Kg3 Re5 0-1


[Site "https://www.chess.com"]

[Event "Titled Tuesday Blitz June 13 Early 2023"]
[White "Balla, Tamas-Kristof"]
[Black "Bashirli, Saadat"]
[WhiteFideId "1208497"]
[BlackFideId "13429990"]
[WhiteElo "2334"]
[BlackElo "1408"]
[Result "0-1"]
[Round "2"]
[TimeControl "180+2"]
[Date "2023.06.13"]
[WhiteClock "0:00:20"]
[BlackClock "0:00:11"]
[Board "176"]

1. e4 c5 2. Nf3 g6 3. c3 Nf6 4. e5 Nd5 5. d4 cxd4 6. cxd4 d6 7. a3 Bg7 8. Bd3 O-O 9. O-O Nc6 10. Re1 Bg4 11. Be4 e6 12. Bxd5 exd5 13. h3 Bxf3 14. Qxf3 Nxd4 15. Qxd5 Nc2 16. exd6 Nxe1 17. Bg5 Qd7 18. Nc3 Nc2 19. Rd1 h6 20. Bh4 g5 21. Bg3 Rfe8 22. Ne4 Qe6 23. d7 Qxe4 24. dxe8=Q+ Rxe8 25. Qb5 Nd4 26. Qc5 b6 27. Qc7 Ne2+ 28. Kh2 Nxg3 29. fxg3 Qe3 30. Rd8 Rxd8 31. Qxd8+ Kh7 32. Qd1 Be5 33. Qc2+ Kg7 34. Kh1 Qe1+ 35. Kh2 Bxg3# 0-1


[Site "https://www.chess.com"]

[Event "Titled Tuesday Blitz June 13 Early 2023"]
[White "Gertler, David"]
[Black "Bilan, Danila"]
[WhiteFideId "2017377"]
[BlackFideId "24161918"]
[WhiteElo "2334"]
[BlackElo "2146"]
[Result "0-1"]
[Round "2"]
[TimeControl "180+2"]
[Date "2023.06.13"]
[WhiteClock "0:00:27"]
[BlackClock "0:00:08"]
[Board "177"]

1. e4 c6 2. c4 d5 3. cxd5 cxd5 4. exd5 a6 5. Qb3 Nf6 6. Nc3 Nbd7 7. Be2 b5 8. Bf3 Bb7 9. a4 Nc5 10. Qc2 b4 11. d4 bxc3 12. dxc5 cxb2 13. Bxb2 Bxd5 14. Bxf6 gxf6 15. Rd1 Qa5+ 16. Qd2 Qxd2+ 17. Rxd2 Bxf3 18. Nxf3 e5 19. Rc2 Rc8 20. c6 Bb4+ 21. Ke2 Ke7 22. Rd1 Rc7 23. Nh4 Ke6 24. g4 h5 25. Nf5 hxg4 26. Ng7+ Ke7 27. Nf5+ Ke6 28. Ng7+ Ke7 29. Nf5+ Ke8 30. Ng7+ Kf8 31. Rd7 Rxd7 32. cxd7 Kxg7 33. Rc8 Ba5 0-1


[Site "https://www.chess.com"]

[Event "Titled Tuesday Blitz June 13 Early 2023"]
[White "drdaro"]
[Black "Berezin, Viktor"]
[BlackFideId "14107872"]
[WhiteElo "2327"]
[BlackElo "2310"]
[Result "0-1"]
[Round "2"]
[TimeControl "180+2"]
[Date "2023.06.13"]
[WhiteClock "0:00:02"]
[BlackClock "0:00:31"]
[Board "178"]

1. d4 Nf6 2. Nf3 g6 3. g3 Bg7 4. Bg2 O-O 5. O-O d6 6. Re1 Nc6 7. e4 e5 8. c3 Re8 9. Bg5 h6 10. Bxf6 Qxf6 11. d5 Nb8 12. Nbd2 Qe7 13. Qc2 c5 14. dxc6 bxc6 15. Rad1 Be6 16. Qd3 Nd7 17. Nb3 d5 18. exd5 cxd5 19. Qa6 e4 20. Nfd4 Bg4 21. Rc1 Ne5 22. Nc6 Qf6 23. Nbd4 Nd3 24. Rf1 Nxc1 25. Rxc1 e3 26. fxe3 Rxe3 27. Rf1 Qd6 28. Qb7 Rf8 29. Bxd5 Kh8 30. Rxf7 Qxd5 31. Rxg7 Re1# 0-1


[Site "https://www.chess.com"]

[Event "Titled Tuesday Blitz June 13 Early 2023"]
[White "Pham, Le Thao Nguyen"]
[Black "MunichMouse"]
[WhiteFideId "12401226"]
[WhiteElo "2286"]
[BlackElo "2321"]
[Result "1-0"]
[Round "2"]
[TimeControl "180+2"]
[Date "2023.06.13"]
[WhiteClock "0:00:08"]
[BlackClock "0:00:03"]
[Board "179"]

1. d4 Nf6 2. c4 g6 3. Nc3 Bg7 4. e4 d6 5. Nf3 O-O 6. h3 e5 7. dxe5 dxe5 8. Qxd8 Rxd8 9. Bg5 Re8 10. Nd5 Nxd5 11. cxd5 c6 12. Bc4 b5 13. Bb3 a5 14. a4 Bb7 15. d6 Nd7 16. Be3 c5 17. axb5 Bxe4 18. Ng5 Bxg2 19. Rg1 Bb7 20. Bxf7+ Kh8 21. Bxe8 Rxe8 22. Rxa5 e4 23. Ra7 Rb8 24. Ne6 Bxb2 25. Nxc5 Nxc5 26. Bxc5 Bf6 27. b6 Kg8 28. Ke2 Kf7 29. Rd1 Ke6 30. d7 Bd8 31. Rd6+ Ke5 32. Rd1 Bd5 33. Ra5 Ke6 34. Ke3 Bg5+ 35. Ke2 Bc4+ 36. Ke1 Rd8 37. Be3 Be7 38. Ra7 Bb4+ 39. Bd2 Bc5 40. Ba5 Bd5 41. Rc7 Bd6 42. b7 Bxb7 43. Rxb7 Rxd7 44. Rxd7 Kxd7 45. Bb4 Ke6 46. Bxd6 Kf5 47. Bg3 g5 48. Ke2 h5 49. Rd5+ Ke6 50. Rxg5 1-0


[Site "https://www.chess.com"]

[Event "Titled Tuesday Blitz June 13 Early 2023"]
[White "Cruz Mendez, Jean Marco"]
[Black "Valle Maytin, Luis Enrique"]
[WhiteFideId "3526402"]
[BlackFideId "3503666"]
[WhiteElo "2064"]
[BlackElo "2225"]
[Result "1-0"]
[Round "2"]
[TimeControl "180+2"]
[Date "2023.06.13"]
[WhiteClock "0:02:04"]
[BlackClock "0:00:47"]
[Board "180"]

1. Nf3 d5 2. b3 Nf6 3. Bb2 Bf5 4. e3 e6 5. Be2 c5 6. O-O Nc6 7. d4 Be7 8. Nbd2 O-O 9. a3 h6 10. c4 cxd4 11. Nxd4 Nxd4 12. Bxd4 b6 13. b4 Rc8 14. Rc1 Qd7 15. Qb3 Rfd8 16. h3 Ne4 17. Nf3 dxc4 18. Bxc4 Bf6 19. Rfd1 b5 20. Bxf6 bxc4 21. Rxd7 cxb3 22. Rxd8+ Rxd8 23. Bxd8 Nxf2 1-0


[Site "https://www.chess.com"]

[Event "Titled Tuesday Blitz June 13 Early 2023"]
[White "Ardila, Oscar Humberto"]
[Black "Sharapov, Evgeny"]
[WhiteFideId "4404742"]
[BlackFideId "14103133"]
[WhiteElo "1912"]
[BlackElo "2367"]
[Result "1/2-1/2"]
[Round "2"]
[TimeControl "180+2"]
[Date "2023.06.13"]
[WhiteClock "0:01:31"]
[BlackClock "0:01:09"]
[Board "181"]

1. d4 Nf6 2. c4 e6 3. Nc3 Bb4 4. Bd2 O-O 5. Nf3 c5 6. dxc5 Bxc5 7. e3 Nc6 8. Be2 b6 9. O-O Bb7 10. Rc1 a6 11. a3 Qc7 12. b4 Be7 13. Qb3 Rac8 14. Rfd1 Qb8 15. Na4 Bd8 16. Bc3 d6 17. Nd4 Nd7 18. Nxc6 Bxc6 19. Nb2 Bf6 20. Rd3 Rfd8 21. Rcd1 Ne5 22. R3d2 b5 23. Bd4 bxc4 24. Nxc4 Nxc4 25. Bxc4 Bxd4 26. Rxd4 Bb5 27. Bxb5 axb5 28. Qd3 d5 29. e4 Rc4 30. exd5 Rxd4 31. Qxd4 Rxd5 32. Qa1 Qd6 33. Rc1 h5 34. h3 Qf4 35. Qb1 g6 36. Qa1 Qd4 37. Qxd4 Rxd4 38. Rc5 Rd3 39. Rxb5 Rxa3 40. Rb8+ Kg7 41. b5 Rb3 42. b6 e5 43. Kf1 Rb2 44. b7 h4 45. Ke1 Kf6 46. Kf1 Kg7 47. Ke1 Kf6 48. Kf1 Kg7 1/2-1/2


[Site "https://www.chess.com"]

[Event "Titled Tuesday Blitz June 13 Early 2023"]
[White "Rodchenkov, Sergey D."]
[Black "Rodriguez Santiago, Jaime"]
[WhiteFideId "4168712"]
[BlackFideId "3100898"]
[WhiteElo "2277"]
[BlackElo "2025"]
[Result "1-0"]
[Round "2"]
[TimeControl "180+2"]
[Date "2023.06.13"]
[WhiteClock "0:00:10"]
[BlackClock "0:00:03"]
[Board "182"]

1. e4 c6 2. d4 d5 3. exd5 cxd5 4. Bd3 Nc6 5. c3 Qc7 6. h3 g6 7. Nf3 Bf5 8. Be2 Bg7 9. O-O e6 10. a4 Nge7 11. Na3 a6 12. Nc2 Bxc2 13. Qxc2 Nxd4 14. Nxd4 Bxd4 15. Bh6 Nf5 16. Qd2 Bf6 17. Bg4 Nxh6 18. Qxh6 Qe5 19. h4 Bg7 20. Qd2 h5 21. Bh3 O-O 22. Rae1 Qf6 23. g3 Rfd8 24. f4 Rac8 25. Re5 Qe7 26. Re2 Rc4 27. Kh2 Rxa4 28. f5 gxf5 29. Rxf5 d4 30. Rxh5 dxc3 31. Qc2 Rd2 32. Rxd2 cxd2 33. Qxa4 Qd8 34. Qd1 Qd3 35. Rg5 Kf8 36. Bf1 Qe3 37. Kg2 Bd4 38. Be2 Qf2+ 39. Kh3 Qe1 40. h5 f6 41. Rg4 Be5 42. h6 f5 43. Rg5 Kf7 44. Bh5+ Kf6 45. Rg6+ Ke7 46. h7 Kd6 47. Rg8 Kc7 48. h8=Q Bxh8 49. Rxh8 e5 50. Rh7+ Kb6 51. Rd7 f4 52. Rg7 e4 53. gxf4 e3 54. Rg1 Qf2 55. Rg2 Qxf4 56. Qe2 Qf5+ 57. Bg4 Qb1 58. Qxe3+ Ka5 59. Qxd2+ Kb5 60. Bf3 Ka4 61. Kg3 b5 62. Kf2 a5 63. Qd1+ Kb4 64. Qxb1 a4 65. Rg4+ 1-0


[Site "https://www.chess.com"]

[Event "Titled Tuesday Blitz June 13 Early 2023"]
[White "babbilator"]
[Black "Tokman, Ariel"]
[BlackFideId "117420"]
[WhiteElo "2314"]
[BlackElo "2263"]
[Result "0-1"]
[Round "2"]
[TimeControl "180+2"]
[Date "2023.06.13"]
[WhiteClock "0:00:10"]
[BlackClock "0:00:58"]
[Board "183"]

1. e4 c5 2. Nc3 d6 3. Nf3 Nc6 4. d4 cxd4 5. Nxd4 Nf6 6. f3 g6 7. Be3 Bg7 8. Qd2 O-O 9. O-O-O Nxd4 10. Bxd4 Be6 11. Kb1 Qc7 12. h4 Rfc8 13. h5 Qa5 14. h6 Bh8 15. Bxf6 exf6 16. Nd5 Qxd2 17. Rxd2 Kf8 18. g4 Rc5 19. Be2 f5 20. gxf5 gxf5 21. Rhd1 fxe4 22. fxe4 Be5 23. b4 Rcc8 24. c4 a5 25. Nb6 axb4 26. Nxc8 Rxc8 27. Rc2 Ke7 28. Rg1 Bc3 29. Kc1 Bxc4 30. Bxc4 Rxc4 31. Rg4 Rc5 32. Rh2 0-1


[Site "https://www.chess.com"]

[Event "Titled Tuesday Blitz June 13 Early 2023"]
[White "Bagwe Gaurang"]
[Black "De La Villa Garcia, Jesus Maria"]
[WhiteFideId "45039895"]
[BlackFideId "2200040"]
[WhiteElo "1847"]
[BlackElo "2311"]
[Result "0-1"]
[Round "2"]
[TimeControl "180+2"]
[Date "2023.06.13"]
[WhiteClock "0:00:00"]
[BlackClock "0:00:16"]
[Board "184"]

1. e4 c6 2. Nf3 d5 3. Nc3 dxe4 4. Nxe4 Nf6 5. Nxf6+ exf6 6. d4 Bd6 7. Be2 O-O 8. O-O Re8 9. c3 Nd7 10. h3 Nf8 11. Be3 Be6 12. Qd2 Ng6 13. b4 Qd7 14. Rad1 Bxh3 15. d5 Bxg2 16. Ne1 Qh3 17. f4 Bxf1 18. Bxf1 Qxe3+ 19. Qxe3 Rxe3 20. dxc6 Bxf4 21. cxb7 Rb8 22. Bg2 Rxc3 23. Nd3 Be3+ 24. Kf1 h5 25. a4 h4 26. a5 h3 27. Bf3 h2 28. a6 Bg1 29. Bh1 Rd8 30. b5 Rb3 31. Rc1 Rxb5 32. Rc8 Rf8 33. Bc6 Rb1+ 34. Ke2 Ne7 35. Bg2 Nxc8 36. Nc1 Nd6 37. Na2 Rb8 38. Nc3 Rb6 39. Nd5 Rxa6 40. Ne7+ Kf8 41. Kf1 Kxe7 0-1


[Site "https://www.chess.com"]